 Dungeon Crawl Stone Soup version 0.30.1-9-gdf580d7c3d (webtiles) character file.

Game seed: 8597219700145425726

23 Ivernyr the Shield-Bearer (level 3, -1/29 HPs)
             Began as a Formicid Fighter on Oct 15, 2023.
             Slain by Sigmund
             ... wielding a +2 scythe of flaming
              (2 damage)
             ... on level 2 of the Dungeon.
             The game lasted 00:01:25 (1074 turns).

Ivernyr the Shield-Bearer (Formicid Fighter)        Turns: 1074, Time: 00:01:26

Health: -1/29      AC:  6    Str: 22    XL:     3   Next: 10%
Magic:  3/3        EV:  9    Int:  7    God:
Gold:   63         SH:  0    Dex: 13    Spells: 2/2 levels left

rFire   . . .        a - +0 quarterstaff
rCold   . . .        c - +0 buckler
rNeg    . . .        b - +0 scale mail
rPois   .            (helmet unavailable)
rElec   .            (no cloak)
rCorr   .            (no gloves)
SInv    +            (no boots)
Will    .....        (no amulet) Stlth
                     (no ring)
HPRegen 0.24/turn    (no ring)
MPRegen 0.08/turn

%: no passive effects
@: confused, mighty
A: permanent stasis, dig shafts and tunnels, antennae 3, four strong arms
a: Dig, Shaft Self


You were on level 2 of the Dungeon.
You visited 1 branch of the dungeon, and saw 2 of its levels.

You collected 63 gold pieces.

Inventory:

Hand Weapons
 a - a +0 quarterstaff (weapon)
Armour
 b - a +0 scale mail (worn)
 c - a +0 buckler (worn)
Scrolls
 e - a scroll of poison {unknown}
 f - a scroll of fog {unknown}
 j - 2 scrolls of magic mapping {unknown}
Potions
 g - a potion of resistance {unknown}
 h - a potion of berserk rage {unknown}
 i - a potion of lignification {unknown}
 k - 2 potions of cancellation {unknown}


   Skills:
 + Level 3.5 Fighting
 * Level 2.6 Staves
 + Level 3.5 Armour
 + Level 4.3 Shields


You had 2 spell levels left.
You didn't know any spells.
Your spell library was empty.

Dungeon Overview and Level Annotations

Branches:
Dungeon (2/15)

Altars:

Annotations:
D:2 Sigmund


Innate Abilities, Weirdness & Mutations

You cannot be hasted, slowed, berserked, paralysed or teleported.
You can dig through walls and to a lower floor.
You have a pair of large antennae on your head. (SInv)
Your four strong arms can wield two-handed weapons with a shield.


Message History

Sigmund the Dreaded comes into view.
He is wielding a +2 scythe of flaming.
Sigmund gestures wildly while chanting.
Sigmund flickers and vanishes for a moment.
Sigmund is nearby!
Found a yellow potion.
Found a book of Frost.
Sigmund asks, "Do you like me?"
Sigmund hits you from afar with a +2 scythe of flaming!
Sigmund burns you.
You feel very mighty all of a sudden.
Found a stone staircase leading down.
Sigmund points at you and mumbles some strange words.
You are confused.
You bump into the rock wall.
Sigmund screams, "Don't try to resist!"
Sigmund barely misses you.
Sigmund hits you with a +2 scythe of flaming.
Sigmund burns you.
You thump Sigmund!
Sigmund is moderately wounded.
Sigmund misses you.
You hit Sigmund.
Sigmund is heavily wounded.
Sigmund hits you with a +2 scythe of flaming.
Sigmund burns you.
You sock Sigmund!
Sigmund is almost dead.
Sigmund casts a spell at you. The puff of flame misses you.
Found 9 stones.
You feel less confused. Sigmund casts a spell at you.
You are confused.
Sigmund hits you with a +2 scythe of flaming.
Sigmund burns you.
* * * LOW HITPOINT WARNING * * *
Sigmund hits you from afar with a +2 scythe of flaming!
* * * LOW HITPOINT WARNING * * *
Sigmund burns you.
You die...

...# #>...........[ ..)#
#................. .#.#
#................ .#.#
#...........#... # .#.#
#.............. ..
...###..........).. ...
#.................# ....
##............###.##.....
#.##.....#.....@........
#....###..........>.....
###......(#.##@.##.#..(.
####...###...............
#......# ###............
#......# ##.........####
#......####..........#
#...........#..........
#......######........###


You could see Sigmund (invisible).

Vanquished Creatures
  4 ball pythons (D:1)
  2 endoplasms
  4 goblins
  2 hobgoblins (D:1)
  3 kobolds (D:1)
  A quokka (D:1)
  4 bats
20 creatures vanquished.

Notes
Turn   | Place    | Note
-------+----------+-------------------------------------------
     0 | D:1      | Ivernyr the Formicid Fighter began the quest for the Orb.
     0 | D:1      | Reached XP level 1. HP: 18/18 MP: 1/1
   292 | D:1      | Reached XP level 2. HP: 24/24 MP: 2/2
  1005 | D:2      | Reached XP level 3. HP: 29/29 MP: 3/3
  1060 | D:2      | Noticed Sigmund
  1074 | D:2      | HP: 1/29 [Sigmund/+2 scythe of flaming (7)]
  1074 | D:2      | Slain by Sigmund

Illustrated notes

Levels and vault maps discovered:
D:1:      dpeg_arrival_central, layout_basic
D:2:      layout_rooms, uniq_sigmund

Action                     || total
---------------------------++-------
  Melee: Quarterstaff      ||    62
    Use: Potion            ||     1
 Armour: Scale mail        ||    28
  Dodge: Dodged            ||    45
  Block: Buckler           ||    23
